 Dungeon Sprint DCSS version 0.19.1 (webtiles) character file.

426 KingBobo974 the Cleaver (level 6, -2/61 HPs)
             Began as a Minotaur Monk on Dec 10, 2016.
             Slain by a slime creature (14 damage)
             ... in the Dungeon (Sprint I: "Red Sonja").
             The game lasted 00:02:37 (493 turns).

KingBobo974 the Cleaver (Minotaur Monk)              Turns: 493, Time: 00:02:37

Health: -2/61      AC:  6    Str: 17    XL:     6   Next: 64%
Magic:  5/5        EV: 16    Int:  7    God:
Gold:   311        SH:  0    Dex: 13    Spells: 0 memorised, 5 levels left

rFire  . . .     SeeInvis .     a - +0 hand axe
rCold  . . .     Gourm    .     j - +0 ring mail
rNeg   . . .     Faith    .     (no shield)
rPois  .         Spirit   .     (helmet restricted)
rElec  .         Reflect  .     (no cloak)
rCorr  .         Harm     .     (no gloves)
MR     .....     NoTele   +     (no boots)
Stlth  +.........               (no amulet)
                                (no ring)
                                (no ring)

@: no status effects
A: retaliatory headbutt, horns 2
a: no special abilities


You were in the Dungeon.
You were not hungry.

You visited 1 branch You collected 311 gold pieces.

Inventory:

Hand Weapons
 a - a +0 hand axe (weapon)
Missiles
 k - 11 poisoned needles
Armour
 b - a +0 robe
 j - a +0 ring mail (worn)
Scrolls
 h - a scroll of remove curse {unknown}
 i - a scroll of blinking
Potions
 e - a potion of heal wounds
 f - a potion of haste
 g - 2 potions of magic
Comestibles
 c - a bread ration


   Skills:
 + Level 8.0 Fighting
 * Level 10.7 Axes
 * Level 5.9 Armour
 * Level 9.8 Dodging
 - Level 1.5 Stealth


You had 5 spell levels left.
You didn't know any spells.

Dungeon Overview and Level Annotations

Branches:
Dungeon (1/1)

Altars:
Cheibriados
Dithmenos
Elyvilon
Fedhas
Gozag
Hepliaklqana
Kikubaaqudgha
Makhleb
Nemelex Xobeh
Okawaru
Qazlal
Ru
Sif Muna
Trog
Uskayaw
Vehumet
Xom
Yredelemnul
Zin
The Shining One
Jiyva
Lugonu

Shops:
D [


Innate Abilities, Weirdness & Mutations

You reflexively headbutt those who attack you in melee.
You have a pair of horns on your head.


Message History

The slime creature is lightly wounded.
The slime creature barely misses you.
You hit the slime creature but do no damage.
You headbutt the slime creature.
The slime creature is lightly wounded.
The slime creature hits you!
You barely miss the slime creature.
Your headbutt misses the slime creature.
The slime creature is lightly wounded.
You hit the slime creature. You headbutt the slime creature.
The slime creature is lightly wounded.
The slime creature hits you!
You hit the slime creature.
The slime creature is moderately wounded.
The slime creature hits you!
* * * LOW HITPOINT WARNING * * *
You are too injured to fight recklessly!
You are too injured to fight recklessly!
The slime creature hits you!
You die...

###################
#<.#..').#..'..#__#
#..'÷.#..').#..J..+
#..#####'#####@#__#
#..####..#...#.# ##
#..#__####..##.#
#..#_____##'#..+
#⌠⌠#_.∩...†..._#
####_..__##_.#'#
#_____###+#.#
####### ###


You could see a slime creature.

Vanquished Creatures
  A yak (D)
  Sigmund (D)
  An ogre (D)
  A jelly (D)
  Ijyb (D)
5 creatures vanquished.

Vanquished Creatures (others)
  A gargoyle (D)
1 creature vanquished.

Grand Total: 6 creatures vanquished

Notes
Turn   | Place    | Note
-------+----------+-------------------------------------------
     0 | D        | KingBobo974 the Minotaur Monk began the quest for the Orb.
     0 | D        | Reached XP level 1. HP: 19/19 MP: 0/0
     2 | D        | Noticed Ijyb
    25 | D        | Killed Ijyb
    25 | D        | Reached skill level 5 in Axes
    25 | D        | Reached skill level 5 in Dodging
    25 | D        | Reached XP level 2. HP: 14/28 MP: 1/1
    41 | D        | Noticed an ogre
    43 | D        | Killed an ogre
    43 | D        | Reached skill level 5 in Fighting
    43 | D        | Reached skill level 7 in Axes
    43 | D        | Reached XP level 3. HP: 11/37 MP: 2/2
    43 | D        | Reached XP level 4. HP: 13/44 MP: 3/3
   326 | D        | Killed a gargoyle
   388 | D        | Noticed Sigmund
   394 | D        | Killed Sigmund
   394 | D        | Reached skill level 9 in Axes
   394 | D        | Reached skill level 5 in Armour
   394 | D        | Reached XP level 5. HP: 46/52 MP: 4/4
   409 | D        | Found a deep blue altar of Sif Muna.
   411 | D        | Found a radiant altar of Vehumet.
   417 | D        | Reached XP level 6. HP: 52/60 MP: 5/5
   428 | D        | Found Tievviam's Armour Emporium.
   428 | D        | Found an ancient bone altar of Kikubaaqudgha.
   428 | D        | Found a hazy altar of Hepliaklqana.
   428 | D        | Found a stormy altar of Qazlal.
   428 | D        | Found a hide-covered altar of Uskayaw.
   428 | D        | Found a blossoming altar of Fedhas.
   428 | D        | Found a bloodstained altar of Trog.
   428 | D        | Found an iron altar of Okawaru.
   428 | D        | Found a basalt altar of Yredelemnul.
   428 | D        | Found a glowing golden altar of the Shining One.
   428 | D        | Found a snail-covered altar of Cheibriados.
   428 | D        | Found a sacrificial altar of Ru.
   428 | D        | Found a glowing silver altar of Zin.
   428 | D        | Found a shadowy altar of Dithmenos.
   428 | D        | Found a white marble altar of Elyvilon.
   428 | D        | Noticed a yak
   445 | D        | Killed a yak
   445 | D        | Reached skill level 10 in Axes
   447 | D        | Found an opulent altar of Gozag.
   463 | D        | Found a sparkling altar of Nemelex Xobeh.
   486 | D        | Found a burning altar of Makhleb.
   486 | D        | Found a viscous altar of Jiyva.
   486 | D        | Found a shimmering altar of Xom.
   486 | D        | Found a corrupted altar of Lugonu.
   486 | D        | Noticed a slime creature
   493 | D        | Slain by a slime creature

Skill      XL: |  1  2  3  4  5  6 |
---------------+-------------------+-----
Fighting       | 4 5 7 8 |  8.0
Axes           | 5 7 9 10 | 10.7
Armour         | 2 3 5 |  5.9
Dodging        | 5 6 8 9 |  9.8
Stealth        | |  1.5

Action                   |  1- 3 |  4- 6 || total
-------------------------+-------+-------++-------
Melee: Hand axe          |    23 |    31 ||    54
       Headbutt          |     7 |     9 ||    16
  Use: Potion            |     1 |     1 ||     2
Armor: Robe              |     3 |       ||     3
       Ring mail         |       |     3 ||     3
Dodge: Dodged            |    15 |    13 ||    28
